 Dungeon Crawl Stone Soup version 0.29-a0-23-ga79f92ac9c (webtiles) character file.

Game seed: 4294679304741277146

2436 bande the Chopper (level 9, 0/55 HPs)
             Began as a Gargoyle Fighter on Jan 30, 2022.
             Killed from afar by a gargoyle (21 damage)
             ... with a stone arrow
             ... on level 6 of the Dungeon.
             The game lasted 00:13:35 (7034 turns).

bande the Chopper (Gargoyle Fighter)                Turns: 7034, Time: 00:13:35

Health: 0/55       AC: 20    Str: 20    XL:     9   Next: 49%
Magic:  9/9        EV:  3    Int:  9    God:
Gold:   189        SH: 14    Dex: 13    Spells: 8/8 levels left

rFire   . . .      SeeInvis +   a - +1 war axe (vamp)
rCold   . . .      Faith    .   j - +0 tower shield
rNeg    + . .      Spirit   .   l - +0 plate armour
rPois   ∞          Reflect  .   q - +0 helmet
rElec   +          Harm     .   (no cloak)
rCorr   .          Rampage  .   (no gloves)
Will    .....                   (no boots)
Stlth   ..........              (no amulet)
HPRegen 0.18/turn               n - ring of see invisible
MPRegen 0.11/turn               (no ring)

@: no status effects
A: sickness immunity, AC +6, negative energy resistance 1, electricity
resistance, torment resistance 1, petrification resistance
a: no special abilities


You were on level 6 of the Dungeon.
You visited 1 branch of the dungeon, and saw 6 of its levels.

You collected 189 gold pieces.

Inventory:

Hand Weapons
 a - a +1 vampiric war axe (weapon)
 h - the +4 mace of Ruaja {vorpal, rF+ Dex+2}
   (You took it off a goblin on level 3 of the Dungeon)

   It inflicts extra damage upon your enemies.
   Dex:       It affects your dexterity (+2).
   rF:        It protects you from fire.
Armour
 j - a +0 tower shield (worn)
 l - a +0 plate armour (worn)
 q - a +0 helmet (worn)
Jewellery
 m - an amulet of magic regeneration
 n - a ring of see invisible (left hand)
Scrolls
 b - 3 scrolls of teleportation
 e - a scroll of fear
 f - 3 scrolls of identify
 i - a scroll of holy word
 o - a scroll of enchant weapon
Potions
 c - a potion of haste
 d - 3 potions of might
 g - a potion of berserk rage
 k - a potion of flight
 p - a potion of mutation


   Skills:
 + Level 6.2 Fighting
 + Level 7.8 Axes
 + Level 6.6 Armour
 - Level 0.1 Dodging
 + Level 7.4 Shields


You had 8 spell levels left.
You didn't know any spells.
Your spell library contained the following spells:

 Spells                   Type           Power      Damage    Failure   Level
 Pain                     Necr           0%         1d4       100%        1
 Ensorcelled Hibernation  Hex/Ice        0%         N/A       100%        2
 Scorch                   Fire           0%         2d5       100%        2
 Confusing Touch          Hex            0%         N/A       100%        3
 Spider Form              Tmut/Pois      0%         N/A       100%        3
 Summon Guardian Golem    Hex/Summ       0%         N/A       100%        3
 Anguish                  Hex/Necr       0%         N/A       100%        4
 Flame Wave               Conj/Fire      0%         2d4       100%        4
 Agony                    Necr           0%         N/A       100%        5
 Excruciating Wounds      Necr           0%         N/A       100%        5
 Yara's Violent Unravell  Hex/Tmut       0%         3d3       100%        5
 Summon Cactus Giant      Summ           0%         N/A       100%        6
 Enfeeble                 Hex            0%         N/A       100%        7
 Orb of Destruction       Conj           0%         9d5       100%        7
 Spellforged Servitor     Conj/Summ      0%         N/A       100%        7


Dungeon Overview and Level Annotations

Branches:
Dungeon (6/15)
 Temple: D:4-7

Altars:

Shops:
D:6 [(!*

Annotations:
D:5 1 runed translucent door


Innate Abilities, Weirdness & Mutations

You are immune to sickness and miasma.
Your stone body is resilient. (AC +6)
You are immune to poison.
You resist negative energy. (rN+)
You are resistant to electric shocks. (rElec)
You are resistant to unholy torment.
You are immune to petrification.


Message History

You hit the gargoyle.
The gargoyle is lightly damaged.
You block the gargoyle's attack.
You closely miss the gargoyle.
The gargoyle is lightly damaged.
The gargoyle hurls a stone arrow at you.
The stone arrow hits you. You block the gargoyle's attack.
You barely miss the gargoyle.
The gargoyle is lightly damaged.
You block the gargoyle's attack.
You hit the gargoyle.
The gargoyle is moderately damaged.
The gargoyle hits you with a +0 mace! You block the gargoyle's attack.
You slash the gargoyle!
The gargoyle is severely damaged.
You block the gargoyle's attack.
You hit the gargoyle but do no damage.
The gargoyle is severely damaged.
The gargoyle hits you but does no damage.
You hit the gargoyle but do no damage.
The gargoyle is severely damaged.
The gargoyle hits you with a +0 mace! You block the gargoyle's attack.
You hit the gargoyle.
The gargoyle is severely damaged.
The gargoyle hurls a stone arrow at you.
The stone arrow hits you!
You are too injured to fight recklessly!
You are too injured to fight recklessly!
You are too injured to fight recklessly!
You are too injured to fight recklessly!
You are too injured to fight recklessly!
You are too injured to fight recklessly!
You are too injured to fight recklessly!
You are too injured to fight recklessly!
You barely miss the gargoyle.
The gargoyle is severely damaged.
You block the gargoyle's attack.
The gargoyle hurls a stone arrow at you.
The stone arrow hits you!!
You die...

.>..............#
.....###..##..#######
....########'####...##
######...............#
#...............#
#.............?.#
##....#.###..####
##########..###...
#..@..'....
#..9..#...# #.....#
..# #.....# .# #.....#
# ##...## #####


You could see a gargoyle.

Vanquished Creatures
  The ghost of mcgeepi the Insei, a novice OpTm of Hepliaklqana (D:6)
  Eustachio (D:5)
  An orc warrior (D:6)
  A sky beast (D:5)
  A black bear (D:5)
  2 necrophages
  4 ogres
  A centaur (D:5)
  2 bullfrogs
  A gnoll sergeant (D:6)
  4 scorpions
  3 hounds (D:4)
  A bullfrog zombie (D:5)
  3 jellies
  5 iguanas
  12 adders
  15 gnolls
  An adder skeleton (D:4)
  A worm (D:3)
  A dart slug (D:2)
  11 orcs
  2 bats (D:1)
  11 endoplasms
  A giant cockroach (D:2)
  7 goblins
  7 hobgoblins
  7 quokkas
  8 ball pythons
  2 frilled lizards
  4 kobolds
  3 rats
124 creatures vanquished.

Vanquished Creatures (collateral kills)
  A scorpion (D:6)
1 creature vanquished.

Vanquished Creatures (others)
  5 plants (D:4)
5 creatures vanquished.

Grand Total: 130 creatures vanquished

Notes
Turn   | Place    | Note
-------+----------+-------------------------------------------
     0 | D:1      | bande the Gargoyle Fighter began the quest for the Orb.
     0 | D:1      | Reached XP level 1. HP: 14/14 MP: 1/1
   187 | D:1      | Reached XP level 2. HP: 18/20 MP: 2/2
   695 | D:1      | Reached XP level 3. HP: 24/24 MP: 3/3
   842 | D:1      | Found a faded altar of an unknown god.
  1668 | D:2      | Reached XP level 4. HP: 29/29 MP: 4/4
  2573 | D:3      | Noticed a bullfrog
  2579 | D:3      | Killed a bullfrog
  2580 | D:3      | Reached XP level 5. HP: 27/33 MP: 5/5
  3107 | D:3      | Identified the +4 mace of Ruaja {vorpal, rF+ Dex+2}
  3114 | D:3      | Reached XP level 6. HP: 34/38 MP: 6/6
  3219 | D:3      | Noticed a necrophage
  3227 | D:3      | Killed a necrophage
  3904 | D:4      | Reached XP level 7. HP: 44/44 MP: 7/7
  4131 | D:4      | Reached skill level 5 in Axes
  4282 | D:4      | Reached skill level 5 in Shields
  4716 | D:5      | Entered Level 5 of the Dungeon
  4735 | D:5      | Found a runed translucent door.
  4750 | D:5      | Reached skill level 5 in Armour
  4765 | D:5      | Reached skill level 5 in Fighting
  4815 | D:5      | Noticed mcgeepi's ghost (novice OpTm)
  4818 | D:5      | Noticed Eustachio
  4839 | D:6      | Reached XP level 8. HP: 44/49 MP: 8/8
  4839 | D:6      | Found Poukysed's Assorted Antiques.
  5305 | D:6      | Killed mcgeepi's ghost
  5334 | D:5      | Killed Eustachio
  5490 | D:5      | Found a runed translucent door.
  5563 | D:5      | Reached XP level 9. HP: 45/55 MP: 9/9
  6433 | D:6      | Found Winuf's Distillery.
  6576 | D:6      | Found Yqonulir's Antique Weapon Emporium.
  6740 | D:6      | Found Hobuvvom's Antique Armour Shoppe.
  7022 | D:6      | Noticed a gargoyle
  7034 | D:6      | Killed from afar by a gargoyle

Illustrated notes

Levels and vault maps discovered:
D:1:      heliophobic_arrival_enchanted_forest, layout_loops_ring,
          hellmonk_ecumenical_altar_leap_of_faith, minivault_14
D:2:      layout_basic
D:3:      layout_loops_ring, kennysheep_path_1, grunt_decor_clamped
D:4:      layout_loops_ring, serial_bayou_pond_c, minmay_pentangle
D:5:      black_bear_nest_1, layout_rooms, ebering_ghost_sewer_f, uniq_eustachio
D:6:      layout_gridville, serial_shops, nicolae_shop_crystal, shop,
          nicolae_stop_n_shop_2, nicolae_stop_n_shop_1, minmay_misc_feat_chi,
          chequers_serial_rivers_micro_c

Skill      XL: |  1  2  3  4  5  6  7  8  9 |
---------------+----------------------------+-----
Axes           | 2 3 4 5 7 |  7.8
Fighting       | 4 5 6 |  6.2
Armour         | 4 5 6 |  6.6
Shields        | 4 5 6 7 |  7.4
Dodging        | |  0.1

Action                   |  1- 3 |  4- 6 |  7- 9 || total
-------------------------+-------+-------+-------++-------
Melee: War axe           |    88 |   149 |   256 ||   493
  Use: Scroll            |       |    11 |     3 ||    14
Armor: Scale mail        |    29 |       |       ||    29
       Chain mail        |    31 |       |       ||    31
       Plate armour      |       |    83 |   199 ||   282
Dodge: Dodged            |    29 |     9 |    29 ||    67
Block: Buckler           |     8 |       |       ||     8
       Tower shield      |    50 |   120 |   260 ||   430

Table legend: (Time is in decaauts)
 A = Elapsed time spent in this place.
 B = Non-inter-level travel time spent in this place.
 C = Inter-level travel time spent in this place.
 D = Time resting spent in this place.
 E = Time spent auto-exploring this place.
 F = Levels seen in this place.
 G = Mean time per level.
                   A        B        C        D        E       F      G
               +--------+--------+--------+--------+--------+-----+--------+
         Total |   7359 |   7217 |    142 |   1520 |   4139 |   6 | 1226.5 |
       Dungeon |   7359 |   7217 |    142 |   1520 |   4139 |   6 | 1226.5 |
               +--------+--------+--------+--------+--------+-----+--------+

Top non-repeatable levels by time:
     D:2: 1367 daAuts
     D:3: 1336 daAuts
     D:5: 1249 daAuts
     D:6: 1180 daAuts
     D:4: 1146 daAuts
     D:1: 1079 daAuts
